Description

it can be harder for good zergs to know which build is it

Build Order

Get SALT Encoding   

  14  0:17  Pylon  
  16  0:36  Gateway (Chrono Boost)  scout
  18  1:12  Nexus  
  18  1:16  Assimilator  
  19  1:25  Assimilator  
  20  1:38  Cybernetics Core  probes to gas (3 immediately)
  21  1:45  Action  probes to secend gas (3 immediately)
  22  1:50  Pylon  (chrono at nexus)
  24  2:07  Adept, Warp Gate  
  27  2:27  Twilight Council  
  29  2:40  Stalker (Chrono Boost)  
  32  2:51  Robotics Facility  
  34  3:14  Dark Shrine  (chrono at cybernetics core)
  36  3:27  Gateway x2  
  38  3:40  Warp Prism (Chrono Boost)  
  43  3:46  Pylon  
  44  3:53  Pylon  cuting probes
  44  3:56  Adept  one more probe
  47  4:15  Nexus  
  47  4:26  Dark Templar x3  
  53  4:31  Assimilator x2  resume probes production
  55  4:39  Pylon  
  57  4:48  Immortal (Chrono Boost)  
Spawning Tool Build Advisor. Get it on Overwolf

Analysis

after that moment i didn't prepare any thing but you can do attak with 2/3 immortals, archons,zelets(with charge) on 7 gates or 2/3 immortals with sentryes and observer to denied some creep or, or, or ...

Go to:

Details

  • Created by: kwercu
  • Published on: Mar 16, 2021
  • Modified on: May 13, 2021
  • Patch: 4.11.0
  • Difficulty: Hard
Show
View Real Time Build Order
Export as new Build Order

Comments (0)

There are no comments. Be the first!

Create an account to comment!